Map: Lerilak Crest

Players

LilDicky

  • Race: Terran Terran
  • League: Diamond

JUGGERNAUUT - Winner!

  • Race: Terran Terran
  • League: Platinum

VOD

http://www.twitch.tv/tumescentpie

Description

Time

  • Played on: Jan. 3, 2016, 6:27 p.m.
  • Length: 7:50
Show
View Real Time Build Order
Export as new Build Order

LilDicky Terran 

Build Orders: Command Center First (CC) 

Get SALT Encoding   

  12  0:03  SCV  
  13  0:15  SCV  
  14  0:25  Supply Depot  
  14  0:29  SCV  
  15  0:50  SCV  
  16  1:00  Command Center  
  16  1:02  SCV  
  17  1:14  Barracks  
  17  1:16  SCV  
  18  1:28  SCV  
  19  1:39  Refinery  
  19  1:41  SCV  
  20  1:50  Supply Depot  
  20  1:53  SCV  
  21  2:02  Marine  
  21  2:07  Orbital Command  
  22  2:17  Orbital Command  
  22  2:18  Refinery  
  22  2:19  Marine  
  23  2:36  SCV  
  24  2:38  Marine  
  25  2:51  SCV  
  25  2:56  Marine  
  25  2:57  Factory  
  26  3:04  SCV  
  26  3:05  SCV  
  28  3:16  SCV  
  28  3:17  SCV  
  30  3:20  Marine  
  30  3:22  Supply Depot  
  31  3:31  SCV  
  31  3:33  SCV  
  33  3:38  Marine  
  33  3:41  Factory Tech Lab, Starport  
  34  3:43  SCV  
  34  3:44  Refinery  
  34  3:48  Engineering Bay  
  35  3:54  SCV, Barracks  
  36  3:56  SCV, Marine  
  36  3:57  Barracks  
  36  4:00  Siege Tank  
  41  4:06  SCV  
  43  4:10  SCV  
  43  4:13  Marine  
  44  4:18  SCV  
  45  4:31  Viking, Missile Turret  
  47  4:32  Marine  
  41  4:47  Marine  
  42  4:57  SCV, Liberator  
  42  4:59  Siege Tank  
  44  5:02  SCV, Marine x2  
  44  5:05  Marine  
  50  5:09  SCV  
  50  5:12  Command Center  
  49  5:15  SCV  
  53  5:21  SCV  
  53  5:22  Starport  
  54  5:31  Supply Depot  
  54  5:35  Supply Depot  
  54  5:48  Supply Depot  
  54  5:52  SCV x2, Siege Tank  
  59  6:04  SCV x2  
  61  6:16  SCV x2  
  63  6:24  Siege Tank  
  63  6:35  Marine x3  
  60  6:45  SCV  
  60  6:46  SCV  
  46  6:58  SCV x2  
  48  7:03  Siege Tank, Marine x2  
  50  7:10  SCV  
  48  7:16  Supply Depot, Orbital Command  
  48  7:19  SCV  
  48  7:22  SCV  
  50  7:24  Starport Tech Lab  
  50  7:27  Marine  
  54  7:31  SCV  
  54  7:34  SCV  
  59  7:42  Missile Turret  
  57  7:45  Missile Turret  
Show
View Real Time Build Order
Export as new Build Order

JUGGERNAUUT Terran - Winner!

Build Orders:  

Get SALT Encoding   

  12  0:01  SCV  
  13  0:13  SCV  
  14  0:22  Supply Depot  
  14  0:25  SCV  
  15  0:34  Refinery  
  15  0:44  SCV  
  15  0:47  Barracks  
  16  0:56  SCV  
  17  1:08  SCV  
  18  1:11  Refinery  
  18  1:20  SCV  
  20  1:32  SCV  
  20  1:36  Supply Depot  
  20  1:38  Reaper  
  21  1:45  Orbital Command  
  21  1:51  Factory  
  21  2:08  Supply Depot  
  21  2:11  SCV  
  22  2:17  Barracks Reactor  
  22  2:23  SCV  
  23  2:35  Supply Depot  
  23  2:36  Starport  
  23  2:37  Factory Tech Lab  
  23  2:39  SCV  
  24  2:53  SCV  
  25  3:01  Siege Tank  
  28  3:05  SCV  
  28  3:12  Medivac  
  31  3:18  SCV, Engineering Bay  
  32  3:30  SCV  
  33  3:42  SCV, Viking  
  33  3:45  Command Center  
  36  3:53  Missile Turret  
  36  3:54  SCV  
  37  4:06  SCV, Barracks  
  38  4:14  Supply Depot, Siege Tank  
  41  4:24  Marine x2  
  43  4:41  Marine x2  
  45  4:46  Siege Tank  
  45  5:03  Barracks Tech Lab  
  45  5:04  Medivac  
  47  5:09  Marine x2  
  47  5:12  SCV  
  47  5:13  Supply Depot  
  50  5:23  Refinery  
  50  5:24  SCV x2  
  52  5:29  Refinery  
  52  5:34  Marine x2  
  54  5:36  Stimpack, Starport Reactor  
  54  5:41  Siege Tank  
  54  5:42  SCV  
  59  5:43  Orbital Command  
  58  5:54  SCV  
  59  6:04  Marine x3  
  59  6:06  SCV  
  63  6:13  Siege Tank  
  64  6:18  SCV  
  64  6:21  Marine  
  64  6:25  Marine x2  
  66  6:39  Marine  
  61  6:43  Marine  
  61  6:45  Siege Tank, Marine  
  58  6:50  Viking x2  
  57  6:57  Orbital Command, Marine  
  55  7:16  Marine x3  
  55  7:17  Siege Tank  
Tags
 
Add a new tag
Caveats
  • Supply blocks, unpowered buildings, or Contaminate may cause inaccurate times.
  • Supply counts are checked every 10 seconds.